 Dungeon Crawl Stone Soup version 0.27.1-16-g815e20cd7a (webtiles) character file.

Game seed: 5226864291380986170

2247 bearlyready the Grappler (level 9, -1/70 HPs)
             Began as a Ghoul Gladiator on Nov 21, 2021.
             Was an Initiate of Nemelex Xobeh.
             Slain by a gnoll (13 damage)
             ... on level 7 of the Dungeon.
             The game lasted 00:08:45 (4747 turns).

bearlyready the Grappler (Ghoul Gladiator)          Turns: 4747, Time: 00:08:46

Health: -1/70      AC: 15    Str: 20    XL:     9   Next: 37%
Magic:  9/9        EV: 10    Int:  4    God:    Nemelex Xobeh [......]
Gold:   187        SH:  0    Dex: 10    Spells: 8/8 levels left

rFire    . . .     SeeInvis .     - Unarmed
rCold    + . .     Faith    .   (no shield)
rNeg     + + +     Spirit   .   l - +3 scale mail {rPois}
rPois    ∞         Reflect  .   b - +0 helmet
rElec    .         Harm     .   (no cloak)
rCorr    .         Rampage  .   (no gloves)
Will     .....                  m - +0 pair of boots
Stlth    +.........             v - amulet of regeneration
HPRegen  0.00/turn              t - +4 ring of protection
MPRegen  0.11/turn              (no ring)

@: about to teleport, inhibited regen
A: claws 1, cold resistance 1, negative energy resistance 3, inhibited
regeneration, torment resistance 2
a: Renounce Religion, Draw Escape, Draw Destruction, Draw Summoning


You were on level 7 of the Dungeon.
You worshipped Nemelex Xobeh.
Nemelex Xobeh was noncommittal.
You visited 2 branches of the dungeon, and saw 9 of its levels.

You collected 187 gold pieces.

Inventory:

Missiles
 j - 51 poisoned darts (quivered)
Armour
 a - a +0 leather armour
 b - a +0 helmet (worn)
 c - a +2 chain mail of willpower
 d - a +0 pair of gloves
 l - a +3 scale mail of poison resistance (worn)
 m - a +0 pair of boots (worn)
 o - a +0 helmet
 r - a +2 scale mail of fire resistance
 C - a +0 tower shield
 E - the +6 ring mail of the Bard {*Corrode rPois rN+ Stlth+}
   (You found it on level 6 of the Dungeon)

   rPois:     It protects you from poison.
   rN:        It protects you from negative energy.
   *Corrode:  It may corrode you when you take damage.
   Stlth:     It makes you more stealthy.
Jewellery
 t - a +4 ring of protection (left claw)
 v - an amulet of regeneration (around neck)
 A - an amulet of magic regeneration
 G - a ring of willpower
Wands
 u - a wand of flame (24)
 H - a wand of polymorph (8)
Scrolls
 e - 3 scrolls of magic mapping
 h - 2 scrolls of holy word {unknown}
 i - 2 scrolls of fog {unknown}
 k - 2 scrolls of immolation {unknown}
 p - 2 scrolls of brand weapon {unknown}
 s - 3 scrolls of noise
 w - a scroll of fear {unknown}
 x - a scroll of teleportation
 y - a scroll of identify {unknown}
 z - a scroll of vulnerability {unknown}
 D - a scroll of amnesia {unknown}
Potions
 f - a potion of curing
 g - 3 potions of attraction {unknown}
 n - 2 potions of resistance {unknown}
 q - 3 potions of lignification {unknown}
 B - a potion of might {unknown}
 F - a potion of magic {unknown}


   Skills:
 + Level 3.3 Fighting
 - Level 3.0 Throwing
 + Level 1.8 Armour
 + Level 3.4 Dodging
 - Level 3.1 Stealth
 + Level 10.2 Unarmed Combat
 + Level 1.8 Invocations
 - Level 5.0 Evocations


You had 8 spell levels left.
You didn't know any spells.
Your spell library contained the following spells:

 Spells                   Type           Power      Damage    Failure   Level
 Animate Skeleton         Necr           0%         N/A       86%         1
 Pain                     Necr           0%         1d4       86%         1
 Shock                    Conj/Air       0%         1d3       86%         1
 Sting                    Tmut/Pois      0%         1d3       86%         1
 Ensorcelled Hibernation  Hex/Ice        0%         N/A       94%         2
 Passwall                 Tmut/Erth      0%         N/A       94%         2
 Poisonous Vapours        Pois/Air       0%         N/A       94%         2
 Swiftness                Air            0%         N/A       99%         3
 Vampiric Draining        Necr           0%         2d6       99%         3
 Airstrike                Air            0%         N/A       100%        4
 Olgreb's Toxic Radiance  Pois           0%         N/A       100%        4
 Eringya's Noxious Bog    Tmut/Pois      0%         N/A       100%        6
 Invisibility             Hex            0%         N/A       100%        6
 Shadow Creatures         Summ           N/A        N/A       100%        6
 Dragon's Call            Summ           0%         N/A       100%        9
 Spider Form              Tmut/Pois      Unusable   N/A       N/A         3

Dungeon Overview and Level Annotations

Branches:
Dungeon (8/15)             Temple (1/1) D:6
   Lair: D:8-11

Altars:
Ashenzari
Cheibriados
Dithmenos
Elyvilon
Fedhas
Gozag
Hepliaklqana
Kikubaaqudgha
Makhleb
Nemelex Xobeh
Okawaru
Qazlal
Ru
Sif Muna
Trog
Uskayaw
Vehumet
Wu Jian
Xom
Yredelemnul
Zin
The Shining One

Shops:
D:4 *

Annotations:
D:7 Pikel


Innate Abilities, Weirdness & Mutations

You thrive by killing the living.
You are immune to poison.
You have sharp fingernails.
Your flesh is cold resistant. (rC+)
You are immune to negative energy. (rN+++)
You do not regenerate when monsters are visible.
You are immune to unholy pain and torment.


Message History

The bullfrog misses you.
Your surroundings suddenly seem different.
An electric eel and a zombie come into view.
Found 38 gold pieces, a pitted hand axe and a robe.
Found a stone staircase leading up.
The electric eel shoots out a bolt of lightning at you!
The bolt of electricity misses you.
There is a stone staircase leading up here.
The centaur zombie barely misses you.
The centaur zombie kicks you but does no damage.
The electric eel shoots out a bolt of lightning at you!
The bolt of electricity hits you!
* * * LOW HITPOINT WARNING * * *
The centaur zombie completely misses you.
The centaur zombie kicks you but does no damage.
The white imp shouts, "Scamper home, thou infectious wibble-sucking rubbish heap!"
You climb upwards.
You hear the hiss of flowing sand.
There is an entrance to an ossuary on this level.
Hurry and find it before the portal is buried!
Level annotation: Pikel You hear the slow hiss of a very distant avalanche of sand.
The sky beast flickers out of sight!
Deactivating autopickup; reactivate with Ctrl-A.
There is a stone staircase leading down here.
A gnoll sergeant comes into view. It is wielding a +0 spear.
The gnoll sergeant shouts!
A gnoll comes into view. It is wielding a +0 halberd of venom.
Okay, then.
As you read the scroll of teleportation, it crumbles to dust.
You feel strangely unstable.
The gnoll shouts!
A gnoll comes into view. It is wielding a +0 whip.
The gnoll shouts!
A sky beast appears from thin air!
Reactivating autopickup.
The gnoll sergeant hits you from afar with a +0 spear.
* * * LOW HITPOINT WARNING * * *
The gnoll hits you from afar with a +0 halberd of venom!
You die...
Your body disappears without a glow.

,****,,,,,,,..#.# *,,,,,,**
************#.#.# *****,*,*
,,,,,,,,,,,,,...# *,*,*
,***********,#..# *,,,*
,**,,,,,,,,,,#..# ***,*
,,,,*******,,*#.#########,*
,,*** *,,*#>....{...#,* ,,*
#..##########.#,**** ,,*
#..ggg@.Y.....#,,,,* ,,*
#.#############***,* ,,*
*,* *,,,,,,,,,,,,* ,,* *,*
*,************ ,,* *,* *,*
,,* *,* *,* *,* *,* *,* *,*
*,* *,* *,* *,* *,*


You could see a sky beast, a gnoll sergeant and 2 gnolls.

Vanquished Creatures
  A water moccasin (D:6)
  Edmund (D:6)
  An orc warrior (D:7)
  A black bear (D:4)
  A necrophage (D:5)
  An ice beast (D:6)
  5 ogres
  A lemure (D:7)
  A phantom (D:5)
  A kobold brigand (D:7)
  A bullfrog (D:7)
  3 scorpions
  A wyvern zombie (D:6)
  A crimson imp (D:4)
  2 hounds (D:4)
  A bullfrog zombie (D:6)
  An orc priest (D:4)
  A gnoll shaman (D:6)
  A bullfrog skeleton (D:5)
  3 iguanas
  Terence (D:2)
  Natasha (thrice) (D:2)
  6 orc wizards
  2 hound skeletons
  Robin (D:2)
  8 gnolls
  5 adders
  A white imp (D:4)
  3 dart slugs
  16 orcs
  7 ball pythons
  4 endoplasms
  4 giant cockroaches
  14 goblins
  14 hobgoblins
  6 jackals
  2 quokkas
  5 bats
  A frilled lizard (D:2)
  11 kobolds
  3 rats
146 creatures vanquished.

Notes
Turn   | Place    | Note
-------+----------+-------------------------------------------
     0 | D:1      | bearlyready the Ghoul Gladiator began the quest for the
                  | Orb.
     0 | D:1      | Reached XP level 1. HP: 17/17 MP: 0/0
   180 | D:1      | Reached XP level 2. HP: 24/24 MP: 1/1
   408 | D:1      | Reached skill level 4 in Unarmed Combat
   524 | D:1      | You fall into a shaft and drop 1 floor!
   543 | D:2      | Noticed Natasha
   554 | D:2      | Killed Natasha
   555 | D:2      | Reached XP level 3. HP: 21/29 MP: 2/2
   673 | D:2      | Reached skill level 5 in Unarmed Combat
   707 | D:2      | Noticed an ogre
   717 | D:2      | Killed an ogre
   718 | D:2      | Reached XP level 4. HP: 36/36 MP: 3/3
   718 | D:2      | Reached XP level 5. HP: 41/41 MP: 4/4
   740 | D:2      | Noticed Robin
  1000 | D:2      | Noticed Natasha
  1010 | D:2      | Killed Natasha
  1011 | D:2      | Reached skill level 6 in Unarmed Combat
  1135 | D:2      | Noticed Natasha
  1139 | D:2      | Killed Natasha
  1140 | D:2      | Reached XP level 6. HP: 48/48 MP: 5/5
  1166 | D:2      | Killed Robin
  1310 | D:3      | Found a faded altar of an unknown god.
  1314 | D:3      | Reached skill level 7 in Unarmed Combat
  1392 | D:3      | Got the Guide on Vitriolic Companions
  1458 | D:3      | Noticed Terence
  1476 | D:2      | Reached skill level 1 in Stealth
  1525 | D:2      | Killed Terence
  2047 | D:4      | Found Cesakloi's Elemental Accessories.
  2088 | D:4      | Reached XP level 7. HP: 55/55 MP: 6/6
  2217 | D:4      | Reached skill level 1 in Evocations
  2268 | D:4      | Reached skill level 8 in Unarmed Combat
  2739 | D:5      | Entered Level 5 of the Dungeon
  2864 | D:5      | Reached XP level 8. HP: 61/61 MP: 7/7
  3120 | D:5      | Reached skill level 9 in Unarmed Combat
  3416 | D:6      | Noticed Edmund
  3426 | D:6      | Killed Edmund
  3751 | D:6      | Identified the +6 ring mail of the Bard {*Corrode rPois rN+
                  | Stlth+}
  3873 | D:6      | Reached skill level 5 in Evocations
  3940 | D:6      | Reached XP level 9. HP: 67/67 MP: 8/8
  4037 | D:6      | Found a staircase to the Ecumenical Temple.
  4044 | D:6      | Reached skill level 10 in Unarmed Combat
  4047 | Temple   | Entered the Ecumenical Temple
  4168 | Temple   | Became a worshipper of Nemelex Xobeh the Trickster
  4237 | D:6      | Reached skill level 1 in Armour
  4356 | D:6      | Reached skill level 1 in Invocations
  4682 | D:7      | Noticed Pikel
  4747 | D:7      | Slain by a gnoll

Illustrated notes

Levels and vault maps discovered:
D:1:      tarquinn_simple_flora_water_e, layout_loops_ring
D:2:      layout_rooms, uniq_natasha, uniq_robin
D:3:      layout_rooms, basic_ecumenical_altar, uniq_terence
D:4:      layout_basic, overflow_temple_1_default, nicolae_elemental_shop,
          minmay_fire_ice_demons
D:5:      layout_cave_pools
D:6:      layout_basic, minmay_temple_entry_hall, uniq_edmund
D:7:      layout_basic, enter_ossuary_4, uniq_pikel
D:8:      layout_basic, erik_lair_island, minmay_misc_feat_columns,
          columned_hall_lemuel
Temple:   regret_index_temple_sigil_plot

Skill      XL: |  1  2  3  4  5  6  7  8  9 |
---------------+----------------------------+-----
Unarmed Combat | 4 5 6 7 8 9 10 | 10.2
Throwing       | 2 3 |  3.0
Stealth        | 2 3 |  3.1
Evocations     | 2 5 |  5.0
Armour         | 1 |  1.8
Dodging        | 3 |  3.4
Fighting       | 3 |  3.3
Invocations    | 1 |  1.8

Action                   |  1- 3 |  4- 6 |  7- 9 || total
-------------------------+-------+-------+-------++-------
Melee: Unarmed           |    53 |   188 |   266 ||   507
       Punch             |       |     5 |     9 ||    14
Throw: Throwing net      |     1 |     3 |     2 ||     6
       Dart              |     1 |       |     8 ||     9
  Use: Potion            |       |     1 |     1 ||     2
       Scroll            |       |       |     4 ||     4
 Stab: Held in net/web   |     2 |     2 |       ||     4
Armor: Leather armour    |    16 |     4 |       ||    20
       Scale mail        |       |    79 |   115 ||   194
Dodge: Dodged            |    35 |   106 |   114 ||   255
